 Dungeon Crawl Stone Soup version 0.22-a0-274-gf8199ec (webtiles) character file.

261 RoseArtemis the Poker (level 5, 0/47 HPs)
             Began as a Minotaur Fighter on Mar 14, 2018.
             Killed by nerve-wracking pain
             ... invoked by Menkaure
              (6 damage)
             ... on level 4 of the Dungeon.
             The game lasted 00:09:39 (3423 turns).

RoseArtemis the Poker (Minotaur Fighter)            Turns: 3423, Time: 00:09:40

Health: 0/47       AC: 10    Str: 21    XL:     5   Next: 96%
Magic:  4/4        EV:  7    Int:  5    God:
Gold:   171        SH:  9    Dex: 10    Spells: 4/4 levels left

rFire    . . .     SeeInvis .   a - +0 trident
rCold    . . .     Gourm    .   c - +0 shield
rNeg     . . .     Faith    .   b - +0 scale mail
rPois    .         Spirit   .   (helmet restricted)
rElec    .         Reflect  .   (no cloak)
rCorr    .         Harm     .   h - +2 pair of gloves
MR       .....                  (no boots)
Stlth    ..........             k - amulet of the acrobat
HPRegen  0.15/turn              (no ring)
MPRegen  0.09/turn              (no ring)

@: no status effects
A: retaliatory headbutt, horns 2
a: no special abilities


You were on level 4 of the Dungeon.
You were not hungry.

You visited 1 branch of the dungeon, and saw 4 of its levels.

You collected 171 gold pieces.

Inventory:

Hand Weapons
 a - a +0 trident (weapon)
Armour
 b - a +0 scale mail (worn)
 c - a +0 shield (worn)
 h - a +2 pair of gloves (worn)
Jewellery
 k - an amulet of the acrobat (around neck)
 p - a cursed amulet of inaccuracy {unknown}
Scrolls
 j - a scroll of enchant weapon {unknown}
 m - a scroll of remove curse
 q - a scroll of noise {unknown}
 r - 2 scrolls of enchant armour {unknown}
 t - a scroll of fog {unknown}
Potions
 d - 2 potions of might
 g - 3 potions of heal wounds {unknown}
 i - a potion of curing {unknown}
 l - a potion of agility {unknown}
 n - a potion of resistance {unknown}
 o - a potion of brilliance {unknown}
Comestibles
 f - 13 rations


   Skills:
 + Level 4.8 Fighting
 * Level 5.1 Polearms
 + Level 4.8 Armour
 + Level 4.8 Shields


You had 4 spell levels left.
You didn't know any spells.

Dungeon Overview and Level Annotations

Branches:
Dungeon (4/15)
 Temple: D:4-7

Altars:
The Shining One

Annotations:
D:3 1 runed door
D:4 Menkaure


Innate Abilities, Weirdness & Mutations

You reflexively headbutt those who attack you in melee.
You have a pair of horns on your head.


Message History

Menkaure is lightly damaged.
Menkaure gestures wildly while chanting.
Menkaure seems to speed up.
You puncture Menkaure!
Menkaure is heavily damaged.
Menkaure calls on the powers of darkness!
Your body is wracked with pain!
* * * LOW HITPOINT WARNING * * *
You barely miss Menkaure.
Menkaure is heavily damaged.
You block Menkaure's attack. Menkaure closely misses you.
You hit Menkaure. You headbutt Menkaure.
Menkaure is heavily damaged.
Menkaure hits you.
* * * LOW HITPOINT WARNING * * *
You hit Menkaure.
Menkaure is severely damaged.
Menkaure points at you and mumbles some strange words.
Pain shoots through your body!
You die...

..M...#
...#+#...# #
#..#....<# ..
..###.### ...
........
....###.###.##
........#l...#
........#M#..#
........@.#..#
...[#+#......#
. #......#
#.....<#
#......#
#......#
#..<...#
#......#
###.#..#


You could see Menkaure and a frilled lizard.

Vanquished Creatures
  A hound (D:4)
  An iguana (D:4)
  A worker ant (D:3)
  4 gnolls (D:3)
  5 adders
  An ooze (D:1)
  2 worms
  5 leopard geckos
  4 orcs (D:3)
  2 ball pythons
  2 giant cockroaches
  7 goblins
  A hobgoblin (D:1)
  18 jackals
  A quokka (D:2)
  4 bats
  2 frilled lizards
  16 kobolds
  A quokka skeleton (D:4)
  8 rats
  A bush (D:3)
87 creatures vanquished.

Notes
Turn   | Place    | Note
-------+----------+-------------------------------------------
     0 | D:1      | RoseArtemis the Minotaur Fighter began the quest for the Orb.
     0 | D:1      | Reached XP level 1. HP: 19/19 MP: 0/0
   154 | D:1      | Reached XP level 2. HP: 27/27 MP: 1/1
   229 | D:1      | Reached skill level 3 in Polearms
   515 | D:1      | Reached XP level 3. HP: 31/33 MP: 2/2
  1189 | D:2      | Found a glowing golden altar of the Shining One.
  1456 | D:2      | Reached XP level 4. HP: 40/40 MP: 3/3
  1739 | D:3      | Found a runed door.
  1834 | D:3      | Reached skill level 4 in Polearms
  2716 | D:3      | You fall through a shaft!
  2736 | D:4      | Reached XP level 5. HP: 42/47 MP: 4/4
  3069 | D:3      | Reached skill level 5 in Polearms
  3401 | D:4      | Noticed Menkaure
  3423 | D:4      | Killed from afar by Menkaure

Vault maps used:
D:1:      dpeg_arrival_chase
D:2:      old_standard_altar, first_ration
D:3:      grunt_decor_one_mirror, lexackson_kobold_supper,
          uniq_crazy_yiuf_cottage
D:4:      serial_shops, shop, uniq_natasha, uniq_menkaure

Skill      XL: |  1  2  3  4  5 |
---------------+----------------+-----
Polearms       | 3 4 5 |  5.1
Armour         | 4 |  4.8
Fighting       | 4 |  4.8
Shields        | 4 |  4.8

Action                   |  1- 3 |  4- 6 || total
-------------------------+-------+-------++-------
Melee: Trident           |   135 |   171 ||   306
       Headbutt          |    12 |    31 ||    43
  Use: Scroll            |       |     5 ||     5
  Eat: Chunk             |     2 |     6 ||     8
Armor: Scale mail        |    53 |    24 ||    77
Dodge: Dodged            |    32 |    37 ||    69
Block: Shield            |    55 |    52 ||   107

Table legend:
 A = Spawn XP
 B = Non-spawn XP
 C = Spawn XP percentage of total XP
 D = Spawn monster count
 E = Non-spawn monster count
 F = Spawn count percentage of total count
 G = Total turns spent on level
                    A         B        C        D         E        F      G
               +---------+---------+-------+---------+---------+-------+---------
         Total |       0 |     373 |   0.0 |       0 |      86 |   0.0 |  3423
               +---------+---------+-------+---------+---------+-------+---------
           D:1 |       0 |      43 |   0.0 |       0 |      24 |   0.0 |   622
           D:2 |       0 |      70 |   0.0 |       0 |      24 |   0.0 |  1349
           D:3 |       0 |     185 |   0.0 |       0 |      34 |   0.0 |  1408
           D:4 |       0 |      75 |   0.0 |       0 |       4 |   0.0 |    44
               +---------+---------+-------+---------+---------+-------+---------
